 Dungeon Crawl Stone Soup version 0.29-a0-757-g358383bc75 (webtiles) character file.

Game seed: 13464377699131749768

2 DuloT34 the Sneak (level 1, 0/11 HPs)
             Began as a Vine Stalker Delver on June 30, 2022.
             Slain by a jackal (2 damage)
             ... on level 4 of the Dungeon.
             The game lasted 00:00:25 (108 turns).

DuloT34 the Sneak (Vine Stalker Delver)              Turns: 108, Time: 00:00:26

Health: 0/11       AC:  3    Str: 14    XL:     1   Next: 30%
Magic:  0/2        EV:  8    Int: 10    God:
Gold:   8          SH:  0    Dex: 15    Spells: 0/0 levels left

rFire   . . .      SeeInvis .   a - +0 short sword
rCold   . . .      Faith    .   (no shield)
rNeg    . . .      Spirit   +   b - +0 leather armour
rPois   .          Reflect  .   (no helmet)
rElec   .          Harm     .   (no cloak)
rCorr   .          Rampage  .   (no gloves)
Will    .....                   (no boots)
Stlth   +++.......              (no amulet)
HPRegen 0.03/turn               (no ring)
MPRegen 0.08/turn               (no ring)

@: constricted
A: fangs 2, magic shield, antimagic bite, no potion heal 2
a: no special abilities


You were on level 4 of the Dungeon.
You visited 1 branch of the dungeon, and saw 2 of its levels.

You collected 8 gold pieces.

Inventory:

Hand Weapons
 a - a +0 short sword (weapon)
Armour
 b - a +0 leather armour (worn)
Wands
 g - a wand of digging (3)
Scrolls
 c - a scroll of fog
 d - a scroll of teleportation {unknown}
 e - a scroll of fear
Potions
 f - a potion of haste


   Skills:
 + Level 2.7 Fighting
 + Level 1.8 Short Blades
 - Level 1.5 Dodging
 - Level 6.0 Stealth


You couldn't memorise any spells.
You didn't know any spells.
Your spell library was empty.

Dungeon Overview and Level Annotations

Branches:
Dungeon (5/15)
 Temple: D:4-7

Altars:


Innate Abilities, Weirdness & Mutations

You have extremely sharp teeth.
When hurt, damage is shared between your health and your magic reserves.
Your bite disrupts and absorbs the magic of your enemies.
Potions cannot restore your health.


Message History

There is a stone staircase leading up here.
You start resting.
HP restored.
You climb upwards.
The orc shouts!
The ball python hisses angrily.
Found 12 gold pieces.
Found an escape hatch in the floor.
Found two stone staircases leading up.
There is a stone staircase leading down here.
The jackal barks! x2
You hit the jackal. Your punch misses the jackal.
The jackal is severely wounded.
You hit the jackal. You bite the jackal. You drain its power.
The jackal is severely wounded.
A hound comes into view.
An endoplasm comes into view.
The jackal bites you. The jackal attacks as you move away!
The jackal bites you. The jackal attacks as you move away!
The jackal bites you but does no damage.
The jackal attacks as you move away! The jackal closely misses you.
The ball python bites you but does no damage.
The ball python grabs you. The ball python constricts you.
The ball python's grasp on you weakens, but your attempt to escape fails.
The ball python bites you but does no damage.
The ball python constricts you.
The jackal bites you but does no damage.
The jackal bites you. The orc hits you with a +0 hand axe.
* * * LOW HITPOINT WARNING * * *
The jackal bites you but does no damage.
The ball python bites you.
* * * LOW HITPOINT WARNING * * *
The ball python constricts you. The jackal bites you.
You escape the ball python's grasp.
The jackal attacks as you move away! The jackal barely misses you.
Found a scroll labelled NYKYAR IJOEFI.
The orc barely misses you. The jackal attacks as you move away!
The jackal barely misses you.
Found 7 stones.
The ball python bites you but does no damage.
The ball python grabs you. The ball python constricts you.
The jackal bites you.
You die...

# .. # # #.
#.#.#.######
....#.#<...##
.......@$...#
..#(#.Shh#..###
#.o.h.....#
J..#.#.#...#.#.#
..<....>...# #
...#J......#
#.........#
#.#..#..#.#
#?#.....#...


You could see an orc, an endoplasm (wandering), 3 jackals and a ball python.

Vanquished Creatures
  An orc (D:5)
1 creature vanquished.

Notes
Turn   | Place    | Note
-------+----------+-------------------------------------------
     0 | D:5      | DuloT34 the Vine Stalker Delver began the quest for the
                  | Orb.
     0 | D:5      | Reached XP level 1. HP: 11/11 MP: 2/2
   103 | D:4      | Noticed a hound
   108 | D:4      | Slain by a jackal

Illustrated notes

Levels and vault maps discovered:
D:4:      layout_basic, gammafunk_temple_overflow_pools
D:5:      layout_cave_pods, mainiacjoe_overflow_surrounded_room, abandoned_shop,
          serial_bayou_ford_a, minmay_increasing_density, uniq_prince_ribbit1

Action                   || total
-------------------------++-------
Melee: Short sword       ||     7
       Bite              ||     1
  Use: Scroll            ||     1
Armor: Leather armour    ||     7
Dodge: Dodged            ||     6

Table legend: (Time is in decaauts)
 A = Elapsed time spent in this place.
 B = Non-inter-level travel time spent in this place.
 C = Inter-level travel time spent in this place.
 D = Time resting spent in this place.
 E = Time spent auto-exploring this place.
 F = Levels seen in this place.
 G = Mean time per level.
                   A        B        C        D        E       F      G
               +--------+--------+--------+--------+--------+-----+--------+
         Total |    107 |     88 |     19 |     38 |     22 |   2 |   53.5 |
       Dungeon |    107 |     88 |     19 |     38 |     22 |   2 |   53.5 |
               +--------+--------+--------+--------+--------+-----+--------+

Top non-repeatable levels by time:
     D:5: 101 daAuts
     D:4: 6 daAuts
